 Dungeon Crawl Stone Soup version 0.28.0-45-g0d030f2227 (webtiles) character file.

Game seed: 10433666739384824043

81 101zpm the Gusty (level 4, -1/32 HPs)
             Began as a Gnoll Air Elementalist on Apr 22, 2022.
             Slain by a scorpion (3 damage)
             ... on level 2 of the Dungeon.
             The game lasted 00:08:05 (2805 turns).

101zpm the Gusty (Gnoll Air Elementalist)           Turns: 2805, Time: 00:08:06

Health: -1/32      AC:  2    Str:  7    XL:     4   Next: 40%
Magic:  9/11       EV: 13    Int: 16    God:
Gold:   107        SH:  0    Dex: 13    Spells: 12/13 levels left

rFire   . . .      SeeInvis .   l - staff of death
rCold   . . .      Faith    .   (no shield)
rNeg    + . .      Spirit   .   a - +0 robe
rPois   .          Reflect  .   (no helmet)
rElec   .          Harm     .   (no cloak)
rCorr   .          Rampage  .   (no gloves)
Will    .....                   (no boots)
Stlth   +++.......              (no amulet)
HPRegen 0.10/turn               (no ring)
MPRegen 0.12/turn               (no ring)

@: lethally poisoned (-1 -> -5)
A: fangs 1, strong nose, distributed training
a: no special abilities


You were on level 2 of the Dungeon.
You visited 1 branch of the dungeon, and saw 4 of its levels.

You collected 107 gold pieces.

Inventory:

Missiles
 b - a throwing net
Armour
 a - a +0 robe (worn)
Magical Staves
 l - a staff of death (weapon)
Wands
 m - a wand of flame (2)
Scrolls
 c - a scroll of vulnerability {unknown}
 e - 3 scrolls of identify {unknown}
 f - a scroll of enchant weapon {unknown}
 i - 3 scrolls of enchant armour {unknown}
Potions
 d - 2 potions of brilliance {unknown}
 g - a potion of lignification {unknown}
 h - a potion of haste {unknown}
 j - a potion of experience {unknown}
 k - a potion of heal wounds {unknown}


   Skills:
 + Level 1.1 Fighting
 + Level 1.1 Short Blades
 + Level 1.1 Long Blades
 + Level 1.1 Axes
 + Level 1.1 Maces & Flails
 + Level 1.1 Polearms
 + Level 1.1 Staves
 + Level 1.1 Slings
 + Level 1.1 Bows
 + Level 1.1 Crossbows
 + Level 1.1 Throwing
 + Level 1.1 Armour
 + Level 4.6 Dodging
 + Level 4.2 Stealth
 + Level 1.1 Shields
 + Level 1.1 Unarmed Combat
 + Level 5.1 Spellcasting
 + Level 2.2 Conjurations
 + Level 0.9 Hexes
 + Level 0.9 Summonings
 + Level 0.9 Necromancy
 + Level 0.9 Translocations
 + Level 0.9 Transmutations
 + Level 0.9 Fire Magic
 + Level 0.9 Ice Magic
 + Level 5.4 Air Magic
 + Level 0.9 Earth Magic
 + Level 0.9 Poison Magic
 + Level 1.2 Invocations
 + Level 1.1 Evocations


You had 12 spell levels left.
You knew the following spells:

 Your Spells              Type           Power      Damage    Failure   Level
a - Shock                 Conj/Air       64%        1d7       3%          1

Your spell library contained the following spells:

 Spells                   Type           Power      Damage    Failure   Level
 Static Discharge         Conj/Air       16%        N/A       4%          2
 Swiftness                Air            21%        N/A       4%          3
 Animate Skeleton         Necr           20%        N/A       11%         1
 Apportation              Tloc           14%        N/A       11%         1
 Sandblast                Erth           14%        2d6       11%         1
 Summon Small Mammal      Summ           28%        N/A       11%         1
 Passwall                 Tmut/Erth      5%         N/A       16%         2
 Airstrike                Air            10%        N/A       16%         4
 Stone Arrow              Conj/Erth      18%        3d8       24%         3
 Call Canine Familiar     Summ           7%         N/A       30%         3
 Summon Guardian Golem    Hex/Summ       7%         N/A       30%         3


Dungeon Overview and Level Annotations

Branches:
Dungeon (4/15)
 Temple: D:4-7

Altars:
Fedhas


Innate Abilities, Weirdness & Mutations

You have very sharp teeth.
Your uncanny sense of smell can sniff out nearby items.
Your experience applies equally to all skills.


Message History

There is a stone staircase leading up here.
The scorpion stings you!
The hobgoblin hits you but does no damage.
You climb upwards.
There is a stone staircase leading down here.
Aiming: Shock (safe; 3% risk of failure)
Press: ? - help, Q - select action, (/) - cycle Shift-Dir - straight line That beam is likely to hit you.
Continue anyway?
Okay, then.
Aiming: Shock (safe; 3% risk of failure)
Press: ? - help, Q - select action, (/) - cycle Shift-Dir - straight line That beam is likely to hit you.
Continue anyway?
The zap hits the scorpion.
The scorpion is lightly wounded.
The zap hits the scorpion.
The scorpion is lightly wounded.
The zap misses you.
The zap hits the hobgoblin.
The hobgoblin is severely wounded.
The scorpion stings you.
You are poisoned.
The scorpion poisons you!
The hobgoblin hits you but does no damage.
Aiming: Shock (safe; 3% risk of failure)
Press: ? - help, Q - select action, (/) - cycle Shift-Dir - straight line That beam is likely to hit you.
Continue anyway?
The zap hits the scorpion.
The scorpion is moderately wounded.
The zap hits the scorpion.
The scorpion is moderately wounded.
The zap hits you.
* * * LOW HITPOINT WARNING * * *
The zap misses the hobgoblin.
* * * LOW HITPOINT WARNING * * *
You feel sick. The scorpion misses you. The hobgoblin hits you.
* * * LOW HITPOINT WARNING * * *
You hit the hobgoblin.
You kill the hobgoblin!
* * * LOW HITPOINT WARNING * * *
You feel sick. The scorpion stings you.
You die...

#.## #.#
#........########.##
##..## #.#
#.###.#............#
....<###.#####.#
#.##.######.....
##........)....#
#.##.# #.#.##
#.#############
#.##.# #.#.#
#.........# #.##.#
#.#.# #########.#
#.##.# #.#.#
#.#######.##.# #.#.#
#......@s.##.# #.#.#
#########.##.# #.#.#
##.##.### #.#.##
##.#.)...# #.#...
##.###....####.####
#.## ##........####
##.###>...####.....
##.#.....# ######
##.######


You could see a scorpion.

Vanquished Creatures
  Robin (D:2)
  An adder (D:2)
  A dart slug (D:2)
  An orc (D:4)
  3 bats
  5 endoplasms
  2 giant cockroaches (D:1)
  13 goblins
  7 hobgoblins
  6 jackals (D:2)
  3 kobolds (D:1)
  2 quokkas (D:1)
  A frilled lizard (D:1)
  3 rats
49 creatures vanquished.

Notes
Turn   | Place    | Note
-------+----------+-------------------------------------------
     0 | D:1      | 101zpm the Gnoll Air Elementalist began the quest for the
                  | Orb.
     0 | D:1      | Reached XP level 1. HP: 13/13 MP: 6/6
    19 | D:2      | Noticed Robin
   364 | D:1      | Reached XP level 2. HP: 19/19 MP: 4/7
   614 | D:1      | Found a faded altar of an unknown god.
   988 | D:1      | Reached XP level 3. HP: 25/25 MP: 6/9
  1060 | D:1      | Reached skill level 5 in Spellcasting
  1582 | D:2      | Reached skill level 1 in Invocations
  1761 | D:2      | Reached skill level 1 in Fighting
  1761 | D:2      | Reached skill level 1 in Short Blades
  1761 | D:2      | Reached skill level 1 in Long Blades
  1761 | D:2      | Reached skill level 1 in Axes
  1761 | D:2      | Reached skill level 1 in Maces & Flails
  1761 | D:2      | Reached skill level 1 in Polearms
  1761 | D:2      | Reached skill level 1 in Staves
  1761 | D:2      | Reached skill level 1 in Slings
  1761 | D:2      | Reached skill level 1 in Bows
  1761 | D:2      | Reached skill level 1 in Crossbows
  1761 | D:2      | Reached skill level 1 in Throwing
  1761 | D:2      | Reached skill level 1 in Armour
  1761 | D:2      | Reached skill level 1 in Shields
  1761 | D:2      | Reached skill level 1 in Unarmed Combat
  1761 | D:2      | Reached skill level 1 in Evocations
  1821 | D:2      | Reached XP level 4. HP: 32/32 MP: 7/11
  2025 | D:2      | Killed Robin
  2545 | D:3      | Found a blossoming altar of Fedhas.
  2762 | D:4      | Noticed a scorpion
  2805 | D:2      | Slain by a scorpion

Illustrated notes

Levels and vault maps discovered:
D:1:      dpeg_arrival_simpleton_b, layout_basic,
          shapermc_ecumenical_altar_venn, minmay_tall_x
D:2:      layout_loops_ring, uniq_robin
D:3:      layout_basic, fedhas_altar_3, serial_shops, shop, minmay_crystal_room,
          kennysheep_generic_room_5
D:4:      layout_basic

Skill      XL: |  1  2  3 |
---------------+----------+-----
Conjurations   | 2 |  2.2
Spellcasting   | 5 |  5.1
Invocations    | 1 |  1.2
Fighting       | 1 |  1.1
Short Blades   | 1 |  1.1
Long Blades    | 1 |  1.1
Axes           | 1 |  1.1
Maces & Flails | 1 |  1.1
Polearms       | 1 |  1.1
Staves         | 1 |  1.1
Slings         | 1 |  1.1
Bows           | 1 |  1.1
Crossbows      | 1 |  1.1
Throwing       | 1 |  1.1
Armour         | 1 |  1.1
Shields        | 1 |  1.1
Unarmed Combat | 1 |  1.1
Evocations     | 1 |  1.1
Dodging        | |  4.6
Stealth        | |  4.2
Hexes          | |  0.9
Summonings     | |  0.9
Necromancy     | |  0.9
Translocations | |  0.9
Transmutations | |  0.9
Fire Magic     | |  0.9
Ice Magic      | |  0.9
Air Magic      | |  5.4
Earth Magic    | |  0.9
Poison Magic   | |  0.9

Action                   |  1- 3 |  4- 6 || total
-------------------------+-------+-------++-------
Melee: Unarmed           |     5 |       ||     5
       Staff             |       |     1 ||     1
Throw: Throwing net      |     2 |       ||     2
 Cast: Shock             |    71 |    19 ||    90
Armor: Robe              |     1 |     2 ||     3
Dodge: Dodged            |    18 |     9 ||    27
